 Dungeon Crawl Stone Soup version 0.21.1-1-g345015f (webtiles) character file.

112 Merlin the Cudgeler (level 4, -11/37 HPs)
             Began as a Demonspawn Chaos Knight on July 15, 2018.
             Killed by divine providence
             ... invoked by an orc priest
              (13 damage)
             ... on level 3 of the Dungeon.
             The game lasted 00:09:27 (2203 turns).

Merlin the Cudgeler (Demonspawn Chaos Knight)       Turns: 2203, Time: 00:09:28

Health: -11/37     AC:  5    Str: 13    XL:     4   Next: 64%
Magic:  4/4        EV: 11    Int: 13    God:    Xom [...*..]
Gold:   143        SH:  0    Dex: 13    Spells: 3/3 levels left

rFire    + . .     SeeInvis .   a - +0 mace (chaos)
rCold    x . .     Gourm    .   (no shield)
rNeg     . . .     Faith    .   b - +2 leather armour
rPois    .         Spirit   .   (no helmet)
rElec    .         Reflect  .   (no cloak)
rCorr    .         Harm     .   (no gloves)
MR       .....                  (no boots)
Stlth    +.........             (no amulet)
HPRegen  0.12/turn              k - ring of fire
MPRegen  0.09/turn              (no ring)

@: no status effects
A: claws 1
a: Renounce Religion


You were on level 3 of the Dungeon.
You worshipped Xom.
You were a favourite toy of Xom.
You were not hungry.

You visited 1 branch of the dungeon, and saw 3 of its levels.

You collected 143 gold pieces.

Inventory:

Hand Weapons
 a - a +0 mace of chaos (weapon)
Missiles
 i - 29 arrows
 j - 5 tomahawks (quivered)
Armour
 b - a +2 leather armour (worn)
 d - a +0 robe
Jewellery
 k - a ring of fire (left claw)
Scrolls
 e - 3 scrolls of remove curse
 f - a scroll of teleportation {unknown}
 g - a scroll of identify
Potions
 l - a potion of brilliance
Comestibles
 c - 3 rations
 h - a chunk of flesh


   Skills:
 + Level 3.7 Fighting
 + Level 4.0 Maces & Flails
 + Level 2.2 Armour
 + Level 1.5 Dodging
 + Level 0.1 Stealth


You had 3 spell levels left.
You didn't know any spells.

Dungeon Overview and Level Annotations

Branches:
Dungeon (3/15)

Altars:


Innate Abilities, Weirdness & Mutations

You have sharp fingernails.


Message History

The orc shouts!
The orc priest mumbles some strange prayers to Beogh against you.
Beogh smites you!
The orc priest looks braver for a moment.
The orc priest invokes the aid of Beogh against you.
Beogh smites you!
The orc priest calls down the wrath of Beogh upon you.
Beogh smites you!
* * * LOW HITPOINT WARNING * * *
A shower of butterflies erupts from you!
You swap places.
The orc hits your butterfly with a hand axe.
Your butterfly dies!
The orc completely misses your butterfly.
It was a potion of magic.
Magic courses through your body.
Xom thinks this is hilarious!
The orc priest mumbles some strange prayers to Beogh against you.
Beogh smites you!
You die...
Xom chuckles heartily!

#...........#
#...........#
####...o.......#
#..............##
#................
#...bo..#........
########.......#........
.........oo....#........
#.....@.......#........
##.############........
# ................
....####........
....o..o.#....##
.(.......#.#.##
..o>####.#)#.# ...
#.#.#.# . #.#.#.#


You could see an orc priest and 3 orcs.

Vanquished Creatures
  A worker ant (shapeshifter) (D:2)
  3 gnolls (D:2)
  A worm (D:2)
  A dart slug (D:1)
  2 leopard geckos (D:1)
  An orc (D:3)
  3 bats
  5 goblins
  5 hobgoblins
  A hobgoblin (shapeshifter) (D:2)
  6 jackals
  3 quokkas
  A ball python (D:1)
  3 frilled lizards
  6 kobolds
  7 rats
49 creatures vanquished.

Notes
Turn   | Place    | Note
-------+----------+-------------------------------------------
     0 | D:1      | Merlin the Demonspawn Chaos Knight began the quest for the Orb.
     0 | D:1      | Reached XP level 1. HP: 18/18 MP: 1/1
   382 | D:1      | Gained mutation: You have sharp fingernails. [demonic ancestry]
   382 | D:1      | Reached XP level 2. HP: 24/24 MP: 2/2
   483 | D:1      | Reached skill level 3 in Maces & Flails
   595 | D:1      | XOM: divination: detect creatures
   596 | D:1      | XOM: silly message
   603 | D:1      | XOM: potion effect (heal wounds)
   605 | D:1      | XOM: god gift: 7 arrows
   743 | D:1      | XOM: divination: detect creatures
   844 | D:1      | XOM: mild Pois miscast
   850 | D:1      | XOM: silly message
   971 | D:2      | Reached XP level 3. HP: 27/29 MP: 3/3
  1006 | D:2      | XOM: polymorph gnoll -> hobgoblin
  1013 | D:2      | Reached skill level 1 in Dodging
  1029 | D:2      | XOM: enchant monster (good)
  1167 | D:2      | XOM: god gift: robe {god gift}
  1287 | D:2      | XOM: polymorph goblin -> rat
  1291 | D:2      | XOM: cast spell 'Necromutation'
  1304 | D:2      | Reached XP level 4. HP: 26/37 MP: 4/4
  1465 | D:2      | XOM: 2-stop teleportation journey
  1658 | D:2      | XOM: 4-stop teleportation journey
  2156 | D:3      | Reached skill level 4 in Maces & Flails
  2200 | D:3      | XOM: butterfly on damage
  2203 | D:3      | Killed from afar by an orc priest

Skill      XL: |  1  2  3  4 |
---------------+-------------+-----
Maces & Flails | 3 4 |  4.0
Armour         | 2 |  2.2
Dodging        | 1 |  1.5
Fighting       | |  3.7
Stealth        | |  0.1

Action                   |  1- 3 |  4- 6 || total
-------------------------+-------+-------++-------
Melee: Mace              |   100 |    51 ||   151
  Use: Scroll            |     1 |     2 ||     3
       Potion            |     3 |     1 ||     4
  Eat: Chunk             |     1 |     3 ||     4
Armor: Leather armour    |    42 |    16 ||    58
       Skin              |    14 |       ||    14
Dodge: Dodged            |    72 |    29 ||   101
